 Dungeon Crawl Stone Soup version 0.18.1-6-gd335043 (webtiles) character file.

2319 FitzyFitz the Archer (level 8, -4/66 HPs)
             Began as a Demigod Hunter on May 18, 2016.
             Slain by Duvessa
             ... wielding a +0 short sword
              (15 damage)
             ... on level 7 of the Dungeon.
             The game lasted 00:27:20 (8789 turns).

FitzyFitz the Archer (Demigod Hunter)               Turns: 8789, Time: 00:27:21

Health: -4/66      AC:  9    Str: 15    XL:     8   Next: 99%
Magic:  10/10      EV: 17    Int: 15    God:
Gold:   180        SH:  0    Dex: 25    Spells: 0 memorised, 7 levels left

rFire  . . .     SeeInvis .     a - +0 lajatang
rCold  . . .     Gourm    .     B - +3 ring mail
rNeg   . . .     Faith    .     (shield currently unavailable)
rPois  .         Spirit   .     (no helmet)
rElec  .         Dismiss  .     D - +0 cloak
rCorr  .         Reflect  .     (no gloves)
SustAt +         Harm     +     (no boots)
MR     .....                    K - amulet of harm
Stlth  +++.......               (no ring)
                                r - ring of wizardry

@: agile, not resistant to hostile enchantments, fairly stealthy
A: high mp 1, sustain attributes
a: no special abilities


You were on level 7 of the Dungeon.
You were not hungry.

You visited 1 branch of the dungeon, and saw 7 of its levels.

You collected 277 gold pieces.
You spent 97 gold pieces at shops.

Inventory:

Hand Weapons
 a - a +0 lajatang (weapon)
 b - a +1 shortbow
 c - a +1 hunting sling of flaming
Missiles
 d - 88 arrows
 e - 332 stones (quivered)
 j - 15 tomahawks
 E - 4 silver tomahawks
 Q - 48 sling bullets
Armour
 s - the +0 robe "Nokkajuri" {Regen+ rCorr Str+5 Int-2, unknown}
   (You found it on level 6 of the Dungeon)

   It affects your strength (+5).
   It affects your intelligence (-2).
   It increases your rate of regeneration.
   It protects you from acid and corrosion.
 B - a +3 ring mail (worn)
 D - a +0 cloak (worn)
Jewellery
 o - an uncursed amulet of rage
 r - a ring of wizardry (left hand)
 K - an amulet of harm (around neck)
Wands
 H - a wand of digging (24/24)
Scrolls
 h - a scroll of blinking {unknown}
 i - 2 scrolls of remove curse
 m - 2 scrolls of recharging
 n - a scroll of magic mapping
 v - a scroll of teleportation {unknown}
 w - a scroll of amnesia
 M - a scroll of immolation {unknown}
 N - a scroll of fog {unknown}
Potions
 k - a potion of invisibility {unknown}
 l - a potion of magic
 p - a potion of degeneration
 u - a potion of brilliance {unknown}
 x - a potion of berserk rage {unknown}
 L - a potion of flight {unknown}
Comestibles
 f - 5 bread rations
 g - 3 chunks of flesh
 q - a slice of pizza
 C - 3 beef jerkies


   Skills:
 - Level 4.0 Fighting
 + Level 2.9 Staves
 - Level 10.2 Bows
 + Level 3.0 Armour
 - Level 1.7 Dodging
 - Level 0.8 Stealth


You had 7 spell levels left.
You didn't know any spells.

Dungeon Overview and Level Annotations

Branches:
Dungeon (7/15)
 Temple: D:4-7

Shops:
D:5 (

Annotations:
D:7 Duvessa


Innate Abilities, Weirdness & Mutations

You have an increased reservoir of magic (+10% MP).
Your attributes are resistant to harm.


Message History

Duvessa hits you with a short sword! Duvessa hits you but does no damage.
You slash Duvessa!
Duvessa is severely wounded.
Duvessa hits you with a short sword! Duvessa closely misses you.
You barely miss Duvessa.
Duvessa is severely wounded.
Duvessa hits you with a short sword. Duvessa completely misses you.
You slash Duvessa!
Duvessa is severely wounded.
Duvessa hits you with a short sword!
* * * LOW HITPOINT WARNING * * *
Duvessa hits you with a short sword.
* * * LOW HITPOINT WARNING * * *
You hit Duvessa.
Duvessa is almost dead.
Duvessa closely misses you. Duvessa hits you with a short sword!
* * * LOW HITPOINT WARNING * * *
Drink which item? (? for menu, Esc to quit)
You feel better. Duvessa hits you with a short sword!
You die...

....# .## ....# # ((.
+##.. #.###.#### .# #
...(...# ########
#.(...# ##.....# #.(...#
##.....#### #.(...#
..........# ##e####
..........# #@#
..........######.#######
........<..........)....
....############.#######
....###### ....
.........# ...###
....####.# ....# ....#
#.# .....# ##### #.#
......#


You could see Duvessa (berserk).

Vanquished Creatures
  The ghost of platinum the Chiller, a novice NaIE of Sif Muna (D:5)
  The ghost of donath the Sneak, an amateur OpAs of Dithmenos (D:6)
  An orc warrior (D:6)
  An ice beast (D:5)
  A phantom (D:4)
  A sky beast (D:5)
  2 ogres (D:5)
  A necrophage (D:6)
  A centaur (D:5)
  Dowan (D:7)
  A howler monkey (D:6)
  A hound (D:4)
  5 orc wizards
  4 orc priests
  A giant frog skeleton (D:6)
  A centaur skeleton (D:4)
  An iguana (D:4)
  Ijyb (D:2)
  9 worker ants
  12 adders
  7 gnolls
  A shadow imp (D:6)
  An ooze (D:2)
  4 worms
  4 dart slugs
  5 giant geckos
  25 orcs
  2 ball pythons
  2 giant cockroaches
  7 goblins
  5 hobgoblins
  9 jackals
  7 quokkas
  3 bats
  A giant gecko skeleton (D:5)
  6 giant newts
  11 kobolds
  5 rats
152 creatures vanquished.

Notes
Turn   | Place    | Note
--------------------------------------------------------------
     0 | D:1      | FitzyFitz the Demigod Hunter began the quest for the Orb.
     0 | D:1      | Reached XP level 1. HP: 17/17 MP: 3/3
   168 | D:1      | Reached skill level 4 in Bows
   485 | D:1      | Reached XP level 2. HP: 22/24 MP: 4/4
  1153 | D:2      | Reached XP level 3. HP: 23/29 MP: 5/5
  1478 | D:2      | Found a shadowy altar of Dithmenos.
  1686 | D:2      | Found a faded altar to an unknown god.
  1923 | D:2      | Reached skill level 5 in Bows
  2333 | D:2      | Reached XP level 4. HP: 28/36 MP: 6/6
  2462 | D:2      | Found an oddly glowing altar of Pakellas.
  2462 | D:2      | Found a glowing golden altar of the Shining One.
  2636 | D:2      | Noticed Ijyb
  2647 | D:2      | Killed Ijyb
  2720 | D:2      | Found a radiant altar of Vehumet.
  2957 | D:3      | Found an opulent altar of Gozag.
  3302 | D:3      | Reached skill level 6 in Bows
  3302 | D:3      | Reached XP level 5. HP: 35/41 MP: 7/7
  3596 | D:3      | Found a white marble altar of Elyvilon.
  4273 | D:4      | Reached XP level 6. HP: 48/48 MP: 8/8
  4285 | D:4      | Reached skill level 7 in Bows
  4600 | D:4      | Found a basalt altar of Yredelemnul.
  5240 | D:4      | Reached skill level 8 in Bows
  5240 | D:4      | Reached XP level 7. HP: 14/53 MP: 9/9
  5486 | D:4      | Found a deep blue altar of Sif Muna.
  6252 | D:5      | Entered Level 5 of the Dungeon
  6707 | D:5      | Noticed platinum's ghost (novice NaIE)
  6814 | D:5      | Reached skill level 9 in Bows
  7189 | D:6      | Noticed donath's ghost (amateur OpAs)
  7276 | D:5      | Killed platinum's ghost
  7276 | D:5      | Reached skill level 10 in Bows
  7276 | D:5      | Reached XP level 8. HP: 37/60 MP: 10/10
  7337 | D:5      | Found Yhiel's Weapon Emporium.
  7362 | D:5      | Bought a +1 hunting sling of flaming for 97 gold pieces
  8062 | D:6      | Killed donath's ghost
  8062 | D:6      | Reached skill level 1 in Staves
  8062 | D:6      | Reached skill level 1 in Armour
  8527 | D:6      | Got a tattered robe
  8662 | D:7      | Found an ancient bone altar of Kikubaaqudgha.
  8708 | D:7      | Noticed Dowan
  8710 | D:7      | Noticed Duvessa
  8773 | D:7      | Killed Dowan
  8789 | D:7      | Slain by Duvessa

Skill      XL: |  1  2  3  4  5  6  7  8 |
---------------+-------------------------+-----
Bows           | 4 5 6 8 10 | 10.2
Fighting       | 4 |  4.0
Staves         | 2 |  2.9
Armour         | 3 |  3.0
Dodging        | |  1.7
Stealth        | |  0.8

Action                   |  1- 3 |  4- 6 |  7- 9 || total
-------------------------+-------+-------+-------++-------
Melee: Short sword       |   130 |   109 |    52 ||   291
       Trident           |       |    21 |       ||    21
       Lajatang          |       |       |    62 ||    62
 Fire: Shortbow          |    40 |   153 |   171 ||   364
       Hunting sling     |       |       |    16 ||    16
Throw: Stone             |     1 |       |       ||     1
  Use: Scroll            |     1 |     1 |    10 ||    12
       Potion            |       |       |     9 ||     9
 Stab: Sleeping          |     2 |     2 |       ||     4
  Eat: Chunk             |     4 |     9 |     5 ||    18
       Royal jelly       |       |       |     1 ||     1
       Bread ration      |       |       |     1 ||     1
Armor: Leather armour    |     1 |       |       ||     1
       Robe              |    17 |    13 |       ||    30
       Ring mail         |       |    63 |    73 ||   136
Dodge: Dodged            |    86 |   104 |   114 ||   304
